Wolfes vs Rafales
Created - December 22, 2019 at 22:01
Goals
|
Wolfes |
0 |
2 |
0 |
2 |
Rafales |
4 |
1 |
0 |
5 |
|
Shots
|
Wolfes |
11 |
8 |
1 |
20 |
Rafales |
13 |
10 |
6 |
29 |
|
1st period
1. Rafales , Andrew Shaw 15 (Bruno Gervais 10, Carl Klingberg 19) at 6:19
2. Rafales , Tim Crowder 11 (Maksim Mayorov 9, Jayson Megna 6) at 14:52
3. Rafales , Brian Ferlin 10 (Joey Laleggia 8) at 15:21
4. Rafales , Tim Crowder 12 (Brian Ferlin 10) at 16:45 (SH)
Penalties :
Julian Melchiori (Stf) for Slashing (Minor) at 2:31, Jayson Megna (Stf) for Cross-checking (Minor) at 10:17, Bruno Gervais (Stf) for Interference (Minor) at 15:45
2nd period
5. Rafales , Andrew Shaw 16 (Carl Klingberg 20, Kevin Veilleux 6) at 1:57 (PP)
6. Wolfes , Martin Hanzal 9 (Alexandre Grenier 8) at 15:06
7. Wolfes , Max Friberg 9 (Sean Monahan 21, Michael Stone 14) at 17:29
Penalties :
Jamie Oleksiak (RIM) for Hooking (Minor) at 1:51, James Livingstone (RIM) for Holding (Minor) at 3:47
3rd period
No Goal
Penalties :
Michael Stone (RIM) for Hooking (Minor) at 17:48
Goalie Stats
Laurent Brossoit (RIM), 17 saves from 18 shots - (0.944), 43:15 minutes
Jeremy Smith (RIM), 7 saves from 11 shots - (0.636), L, 3-4-0, 16:45 minutes
Jake Allen (Stf), 18 saves from 20 shots - (0.900), W, 10-4-1, 60:00 minutes
Players Stats for Wolfes
Player Name G A P +/- PIM S H SB GA TA FO MP PP MP PK MP
------------------------------------------------------------------------------------
Alexandre Grenier 0 1 1 1 0 2 1 0 0 0 1/3 19:15 3:34 0:47
Angelo Esposito 0 0 0 0 0 0 0 0 0 0 0/0 0:10 0:00 0:00
Anton Lindholm 0 0 0 -3 0 1 4 1 0 0 0/0 22:53 2:04 2:18
Barclay Goodrow 0 0 0 0 0 0 0 0 0 0 0/0 0:00 0:00 0:00
Benn Ferriero 0 0 0 -1 0 1 1 0 1 0 0/0 12:36 0:00 0:57
Blake Pietila 0 0 0 1 0 1 1 0 1 1 0/0 19:15 3:34 0:47
Charles-Olivier Roussel 0 0 0 -3 0 0 2 2 0 2 0/0 25:34 2:04 1:46
Jacob Lagacé 0 0 0 -1 0 0 1 0 0 0 0/0 9:17 0:00 0:00
James Livingstone 0 0 0 -1 2 0 0 1 1 0 0/0 9:16 0:00 0:00
Jamie Oleksiak 0 0 0 0 2 3 4 2 0 2 0/0 25:15 3:53 1:58
Jyrki Jokipakka 0 0 0 0 0 0 0 0 0 0 0/0 0:35 0:00 0:00
Klas Dahlbeck 0 0 0 1 0 0 0 0 0 0 0/0 5:03 0:00 0:10
Kyle Rau 0 0 0 -1 0 1 0 1 0 0 1/3 11:39 0:00 0:00
Martin Hanzal 1 0 1 1 0 1 5 0 1 0 12/26 20:38 3:34 2:10
Matt Grzelcyk 0 0 0 0 0 0 0 0 0 0 0/0 2:11 0:00 0:00
Max Friberg 1 0 1 -1 0 1 2 0 0 0 0/0 16:20 2:23 0:00
Michael Stone 0 1 1 1 2 3 1 1 0 1 0/0 27:49 3:39 1:13
Nicolas Deschamps 0 0 0 0 0 0 0 0 0 0 0/0 0:00 0:00 0:00
Pavel Kraskovsky 0 0 0 0 0 0 0 0 0 0 0/0 0:00 0:00 0:00
Scott Timmins 0 0 0 -1 0 1 1 0 0 0 2/3 9:53 0:00 0:24
Sean Monahan 0 1 1 -1 0 5 1 0 0 0 5/9 18:21 2:23 2:01
Sergei Plotnikov 0 0 0 -1 0 0 2 0 0 0 2/2 17:34 2:23 1:02
Thomas Spelling 0 0 0 0 0 0 0 0 0 0 0/0 0:00 0:00 0:00
Tommy Vannelli 0 0 0 0 0 0 1 1 0 0 0/0 10:40 0:14 0:43
Zachary Sanford 0 0 0 -1 0 0 3 0 0 0 0/0 11:39 0:00 0:00
Players Stats for Rafales
Player Name G A P +/- PIM S H SB GA TA FO MP PP MP PK MP
------------------------------------------------------------------------------------
Akim Aliu 0 0 0 0 0 0 0 0 0 0 1/1 1:42 0:17 0:00
Andrew Shaw 2 0 2 1 0 5 2 0 1 1 0/0 21:34 2:10 3:38
Ben Johnson 0 0 0 0 0 0 0 0 0 0 0/0 0:06 0:00 0:00
Ben Sexton 0 0 0 0 0 0 0 0 0 0 0/0 1:24 0:00 0:00
Ben Thomson 0 0 0 0 0 0 1 0 1 0 0/0 9:03 0:00 0:24
Brad Ross 0 0 0 0 0 0 0 0 0 0 0/0 0:46 0:00 0:24
Brian Ferlin 1 1 2 0 0 2 3 0 0 1 0/0 16:21 1:40 1:55
Bruno Gervais 0 1 1 1 2 0 3 0 1 0 0/0 22:27 1:48 1:16
Carl Klingberg 0 2 2 1 0 0 2 0 2 1 2/12 21:32 2:10 3:38
Cedric Paquette 0 0 0 -1 0 1 2 0 0 0 5/9 13:48 1:40 0:00
Chris Terry 0 0 0 -1 0 0 0 1 0 0 1/1 13:53 1:40 0:00
Connor Murphy 0 0 0 1 0 2 1 0 1 0 0/0 25:01 2:16 3:37
David Broll 0 0 0 0 0 0 0 0 0 0 0/0 0:00 0:00 0:00
Dylan McIlrath 0 0 0 1 0 2 0 0 0 0 0/0 19:56 0:00 2:11
James Marcou 0 0 0 0 0 0 1 0 0 0 0/0 8:39 0:00 0:00
Jayson Megna 0 1 1 1 2 1 1 0 0 0 3/6 12:29 0:00 0:00
Joey Laleggia 0 1 1 1 0 3 0 0 0 0 0/0 19:35 1:48 1:56
Julian Melchiori 0 0 0 0 2 1 1 2 0 0 0/0 18:04 2:16 2:21
Kevin Veilleux 0 1 1 1 0 1 1 0 0 1 10/15 17:33 2:10 0:00
Maksim Mayorov 0 1 1 1 0 3 1 1 0 0 0/0 12:20 0:00 0:00
Ryan Bourque 0 0 0 0 0 1 2 0 0 0 1/2 8:44 0:00 0:00
Slater Koekkoek 0 0 0 0 0 0 0 1 0 0 0/0 12:47 0:00 0:33
Tim Crowder 2 0 2 2 0 7 1 1 0 0 0/0 15:07 0:11 1:55
Tyrell Goulbourne 0 0 0 0 0 0 0 0 0 0 0/0 1:09 0:14 0:00
3 Stars
1 - Tim Crowder (Stf)
2 - Andrew Shaw (Stf)
3 - Brian Ferlin (Stf)
Power Play
Wolfes - 0 on 3 Attempt(s) - 0.00%
Rafales - 1 on 3 Attempt(s) - 33.33%
Penalty Kill
Wolfes - 2 on 3 Attempt(s) - 66.67%
- Score 0 goal in Penalty Kill
Rafales - 3 on 3 Attempt(s) - 100.00%
- Score 1 goal in Penalty Kill
Team Stat
Wolfes - Hits : 30 - Faceoff Wins : 23 - Blocked Shots : 9 - Penalty Minutes : 6
Rafales - Hits : 22 - Faceoff Wins : 23 - Blocked Shots : 6 - Penalty Minutes : 6
Official
Referees : Unknown
Linesman : Unknown
Game Notes
Laurent Brossoit enters game at 16:45 of 1st period
Finance
Level 1 -- Attendance: 1375 (68.75%) -- Ticket Income $55,000
Level 2 -- Attendance: 666 (66.60%) -- Ticket Income $13,320
Total Attendance: 2041 (68.03%)
Total Ticket Income: $68,320
Other Income: $3,416
Total Income: $71,736
Wolfes
5 vs 5 Forward
Center Left Wing Right Wing Time % Phy DF OF
1 Martin Hanzal Blake Pietila Alexandre Grenier 40 1 2 2
2 Sean Monahan Sergei Plotnikov Max Friberg 30 1 2 2
3 Kyle Rau Zachary Sanford Benn Ferriero 20 1 2 2
4 Scott Timmins Jacob Lagacé James Livingstone 10 1 2 2
5 vs 5 Defense
Defense Defense Time % Phy DF OF
1 Jamie Oleksiak Michael Stone 40 1 2 2
2 Anton Lindholm Charles-Olivier Roussel 30 1 2 2
3 Michael Stone Charles-Olivier Roussel 20 1 2 2
4 Jamie Oleksiak Michael Stone 10 1 2 2
PowerPlay Forward
Center Left Wing Right Wing Time % Phy DF OF
1 Martin Hanzal Blake Pietila Alexandre Grenier 60 1 2 2
2 Sean Monahan Sergei Plotnikov Max Friberg 40 1 2 2
PowerPlay Defense
Defense Defense Time % Phy DF OF
1 Jamie Oleksiak Michael Stone 60 1 2 2
2 Anton Lindholm Charles-Olivier Roussel 40 1 2 2
Penalty Kill 4 Players Forward
Center Wing Time % Phy DF OF
1 Martin Hanzal Sean Monahan 60 1 2 2
2 Alexandre Grenier Blake Pietila 40 1 2 2
Penalty Kill 4 Players Defense
Defense Defense Time % Phy DF OF
1 Anton Lindholm Michael Stone 60 1 2 2
2 Jamie Oleksiak Charles-Olivier Roussel 40 1 2 2
Penalty Kill - 3 Players Forward
Forward Time % Phy DF OF
1 Martin Hanzal 60 1 2 2
2 Sean Monahan 40 1 2 2
Penalty Kill - 3 Players Defense
Defense Defense Time % Phy DF OF
1 Anton Lindholm Michael Stone 60 1 2 2
2 Jamie Oleksiak Charles-Olivier Roussel 40 1 2 2
4 vs 4 Forward
Center Wing Time % Phy DF OF
1 Martin Hanzal Sean Monahan 60 1 2 2
2 Alexandre Grenier Blake Pietila 40 1 2 2
4 vs 4 Defense
Defense Defense Time % Phy DF OF
1 Anton Lindholm Michael Stone 60 1 2 2
2 Jamie Oleksiak Charles-Olivier Roussel 40 1 2 2
Last Minutes Offensive
Center Left Wing Right Wing Defense Defense
Martin Hanzal Blake Pietila Alexandre Grenier Jamie Oleksiak Michael Stone
Last Minutes Defensive
Center Left Wing Right Wing Defense Defense
Martin Hanzal Blake Pietila Alexandre Grenier Jamie Oleksiak Michael Stone
Goaltenders
Starting : Jeremy Smith
Backup : Laurent Brossoit
Extra Forwards
Normal : Angelo Esposito, Martin Hanzal, Benn Ferriero - PP : Angelo Esposito, Martin Hanzal - PK : Benn Ferriero
Extra Defensemen
Normal : Charles-Olivier Roussel, Anton Lindholm, Jamie Oleksiak - PP : Charles-Olivier Roussel - PK : Anton Lindholm, Jamie Oleksiak
Penalty Shots
Martin Hanzal, Sean Monahan, Alexandre Grenier, Blake Pietila, Sergei Plotnikov
Scratches
Christophe Lalancette (Healthy), Joe Morrow (Broken Bone (Right Arm) Injury), Remi Elie (Healthy), Louis Belpedio (Healthy), Cameron Darcy (Healthy)
Joonas Lyytinen (Separated Right Shoulder Injury), Fredrik Olofsson (Healthy), Nolan Vesey (Healthy), Vaclav Karabacek (Healthy), Kyle Pettit (Healthy)
Dylan Sadowy (Healthy), Jeffrey Foss (Separated Right Shoulder Injury), Anton Karlsson (Healthy), Ebbe Siönäs (Healthy), Sami Aittokallio (Healthy)
Kaapo Kahkonen (Healthy)
Rafales
5 vs 5 Forward
Center Left Wing Right Wing Time % Phy DF OF
1 Kevin Veilleux Carl Klingberg Andrew Shaw 40 1 2 2
2 Cedric Paquette Chris Terry Brian Ferlin 30 1 2 2
3 Jayson Megna Maksim Mayorov Tim Crowder 20 1 2 2
4 Ryan Bourque Ben Thomson James Marcou 10 1 2 2
5 vs 5 Defense
Defense Defense Time % Phy DF OF
1 Connor Murphy Bruno Gervais 40 1 2 2
2 Dylan McIlrath Joey Laleggia 30 1 2 2
3 Julian Melchiori Slater Koekkoek 20 1 2 2
4 Julian Melchiori Dylan McIlrath 10 1 2 2
PowerPlay Forward
Center Left Wing Right Wing Time % Phy DF OF
1 Kevin Veilleux Carl Klingberg Andrew Shaw 60 1 2 2
2 Cedric Paquette Chris Terry Brian Ferlin 40 1 2 2
PowerPlay Defense
Defense Defense Time % Phy DF OF
1 Connor Murphy Julian Melchiori 60 1 2 2
2 Bruno Gervais Joey Laleggia 40 1 2 2
Penalty Kill 4 Players Forward
Center Wing Time % Phy DF OF
1 Carl Klingberg Andrew Shaw 60 1 2 2
2 Brian Ferlin Tim Crowder 40 1 2 2
Penalty Kill 4 Players Defense
Defense Defense Time % Phy DF OF
1 Connor Murphy Julian Melchiori 60 1 2 2
2 Dylan McIlrath Joey Laleggia 40 1 2 2
Penalty Kill - 3 Players Forward
Forward Time % Phy DF OF
1 Carl Klingberg 60 1 2 2
2 Andrew Shaw 40 1 2 2
Penalty Kill - 3 Players Defense
Defense Defense Time % Phy DF OF
1 Connor Murphy Julian Melchiori 60 1 2 2
2 Dylan McIlrath Joey Laleggia 40 1 2 2
4 vs 4 Forward
Center Wing Time % Phy DF OF
1 Carl Klingberg Andrew Shaw 60 1 2 2
2 Brian Ferlin Tim Crowder 40 1 2 2
4 vs 4 Defense
Defense Defense Time % Phy DF OF
1 Connor Murphy Julian Melchiori 60 1 2 2
2 Dylan McIlrath Joey Laleggia 40 1 2 2
Last Minutes Offensive
Center Left Wing Right Wing Defense Defense
Kevin Veilleux Carl Klingberg Andrew Shaw Connor Murphy Julian Melchiori
Last Minutes Defensive
Center Left Wing Right Wing Defense Defense
Kevin Veilleux Carl Klingberg Andrew Shaw Connor Murphy Julian Melchiori
Goaltenders
Starting : Jake Allen
Backup : Leland Irving
Extra Forwards
Normal : Akim Aliu, Tyrell Goulbourne, Brad Ross - PP : Akim Aliu, Tyrell Goulbourne - PK : Brad Ross
Extra Defensemen
Normal : Bruno Gervais, Joey Laleggia, Connor Murphy - PP : Bruno Gervais - PK : Joey Laleggia, Connor Murphy
Penalty Shots
Carl Klingberg, Andrew Shaw, Brian Ferlin, Tim Crowder, Kevin Veilleux
Scratches
Nathan Davis (Healthy), Chris Driedger (Healthy), Sean Maguire (Healthy)
% Time on Ice - Wolfes
Lines # - Real PCT - Wanted PCT - Time Play
Normal Forward
1 - 30% - 40% - 15:06
2 - 28% - 30% - 13:57
3 - 23% - 20% - 11:39
4 - 19% - 10% - 9:17
Normal Defense
1 - 41% - 40% - 20:25
2 - 39% - 30% - 19:27
3 - 15% - 20% - 7:18
4 - 6% - 10% - 2:49
PP Forward
1 - 60% - 60% - 3:34
2 - 40% - 40% - 2:23
PP Defense
1 - 65% - 60% - 3:53
2 - 35% - 40% - 2:04
PK Forward
1 - 81% - 60% - 3:17
2 - 19% - 40% - 0:47
PK Defense
1 - 61% - 60% - 2:28
2 - 39% - 40% - 1:36
PK3 Forward
1 - 0% - 60%
2 - 0% - 40%
PK3 Defense
1 - 0% - 60%
2 - 0% - 40%
44 Forward
1 - 0% - 60%
2 - 0% - 40%
44 Defense
1 - 0% - 60%
2 - 0% - 40%
Last Minute Offensive - 0:00
Last Minute Defensive - 0:00
Total
Forward - 60:00
Defense - 60:00
|
% Time on Ice - Rafales
Lines # - Real PCT - Wanted PCT - Time Play
Normal Forward
1 - 33% - 40% - 16:18
2 - 25% - 30% - 12:42
3 - 25% - 20% - 12:20
4 - 17% - 10% - 8:39
Normal Defense
1 - 38% - 40% - 18:47
2 - 32% - 30% - 15:51
3 - 22% - 20% - 11:05
4 - 9% - 10% - 4:16
PP Forward
1 - 59% - 60% - 2:24
2 - 41% - 40% - 1:40
PP Defense
1 - 56% - 60% - 2:16
2 - 44% - 40% - 1:48
PK Forward
1 - 68% - 60% - 4:02
2 - 32% - 40% - 1:55
PK Defense
1 - 68% - 60% - 4:01
2 - 32% - 40% - 1:56
PK3 Forward
1 - 0% - 60%
2 - 0% - 40%
PK3 Defense
1 - 0% - 60%
2 - 0% - 40%
44 Forward
1 - 0% - 60%
2 - 0% - 40%
44 Defense
1 - 0% - 60%
2 - 0% - 40%
Last Minute Offensive - 0:00
Last Minute Defensive - 0:00
Total
Forward - 60:00
Defense - 60:00
|
Play-by-Play
1st period
0:01 of 1st period - Kevin Veilleux wins face-off versus Martin Hanzal in neutral zone.
0:25 of 1st period - Chris Terry is hit by Jamie Oleksiak and loses puck.
0:53 of 1st period - Snap shot by Zachary Sanford.
0:53 of 1st period - Shot Misses the Net.
0:55 of 1st period - Slapshot by Michael Stone.
0:55 of 1st period - Shot Blocked by Tim Crowder.
0:57 of 1st period - Slapshot by Jamie Oleksiak.
0:57 of 1st period - Stopped by Jake Allen with a rebound.
0:59 of 1st period - Snap shot by Zachary Sanford.
0:59 of 1st period - Shot Misses the Net.
2:31 of 1st period - Minor Penalty to Julian Melchiori for Slashing.
2:32 of 1st period - Martin Hanzal wins face-off versus Carl Klingberg in Rafales zone.
3:01 of 1st period - Slapshot by Sean Monahan.
3:01 of 1st period - Shot Misses the Net.
3:29 of 1st period - Max Friberg is hit by Bruno Gervais and loses puck.
4:30 of 1st period - Max Friberg is hit by Brian Ferlin and loses puck.
4:31 of 1st period - Penalty to Julian Melchiori is over, Julian Melchiori is back on ice.
4:49 of 1st period - Slapshot by Scott Timmins.
4:49 of 1st period - Stopped by Jake Allen without a rebound.
4:50 of 1st period - Scott Timmins wins face-off versus Ryan Bourque in Rafales zone.
5:19 of 1st period - Anton Lindholm is hit by Bruno Gervais and loses puck.
5:28 of 1st period - Carl Klingberg is hit by Scott Timmins and loses puck.
5:55 of 1st period - Slapshot by James Livingstone.
5:55 of 1st period - Shot Hit the Post.
6:09 of 1st period - Wrist shot by Andrew Shaw.
6:09 of 1st period - Shot Misses the Net.
6:11 of 1st period - Slapshot by Bruno Gervais.
6:11 of 1st period - Shot Blocked by James Livingstone.
6:13 of 1st period - Snap shot by Andrew Shaw.
6:13 of 1st period - Shot Misses the Net.
6:15 of 1st period - Wrist shot by Andrew Shaw.
6:15 of 1st period - Shot Blocked by Tommy Vannelli.
6:17 of 1st period - Slapshot by Bruno Gervais.
6:17 of 1st period - Shot Misses the Net.
6:19 of 1st period - Wrist shot by Andrew Shaw.
6:19 of 1st period - Goal by Andrew Shaw - Wolfes : 0 - Rafales : 1.
6:20 of 1st period - Cedric Paquette wins face-off versus Martin Hanzal in neutral zone.
6:25 of 1st period - Wrist shot by Cedric Paquette.
6:25 of 1st period - Shot Misses the Net.
6:47 of 1st period - Tim Crowder is hit by Max Friberg.
7:13 of 1st period - Snap shot by Tim Crowder.
7:13 of 1st period - Stopped by Jeremy Smith with a rebound.
7:15 of 1st period - Slapshot by Joey Laleggia.
7:15 of 1st period - Stopped by Jeremy Smith with a rebound.
7:17 of 1st period - Slapshot by Dylan McIlrath.
7:17 of 1st period - Deflect By Michael Stone.
7:17 of 1st period - Stopped by Jeremy Smith without a rebound.
7:18 of 1st period - Kevin Veilleux wins face-off versus Alexandre Grenier in Wolfes zone.
7:47 of 1st period - Wrist shot by Brian Ferlin.
7:47 of 1st period - Stopped by Jeremy Smith without a rebound.
7:48 of 1st period - Cedric Paquette wins face-off versus Martin Hanzal in Wolfes zone.
7:59 of 1st period - Wrist shot by Blake Pietila.
7:59 of 1st period - Deflect By Martin Hanzal.
7:59 of 1st period - Shot Hit the Post.
7:59 of 1st period - Puck is out of play.
8:00 of 1st period - Martin Hanzal wins face-off versus Kevin Veilleux in Rafales zone.
8:01 of 1st period - Wrist shot by Blake Pietila.
8:01 of 1st period - Deflect By Martin Hanzal.
8:01 of 1st period - Shot Misses the Net.
8:01 of 1st period - Puck is out of play.
8:02 of 1st period - Martin Hanzal wins face-off versus Kevin Veilleux in Rafales zone.
8:07 of 1st period - Wrist shot by Alexandre Grenier.
8:07 of 1st period - Stopped by Jake Allen with a rebound.
8:13 of 1st period - Alexandre Grenier is hit by Andrew Shaw and loses puck.
8:31 of 1st period - Off-side.
8:32 of 1st period - Cedric Paquette wins face-off versus Sean Monahan in neutral zone.
8:57 of 1st period - Max Friberg is hit by Cedric Paquette and loses puck.
9:10 of 1st period - Snap shot by Max Friberg.
9:10 of 1st period - Shot Misses the Net.
9:12 of 1st period - Snap shot by Jamie Oleksiak.
9:12 of 1st period - Shot Blocked by Chris Terry.
9:14 of 1st period - Wrist shot by Michael Stone.
9:14 of 1st period - Stopped by Jake Allen with a rebound.
9:16 of 1st period - Snap shot by Michael Stone.
9:16 of 1st period - Deflect By Sean Monahan.
9:16 of 1st period - Stopped by Jake Allen with a rebound.
9:18 of 1st period - Slapshot by Jamie Oleksiak.
9:18 of 1st period - Stopped by Jake Allen with a rebound.
9:20 of 1st period - Slapshot by Michael Stone.
9:20 of 1st period - Stopped by Jake Allen with a rebound.
9:22 of 1st period - Slapshot by Michael Stone.
9:22 of 1st period - Deflect By Brian Ferlin.
9:22 of 1st period - Stopped by Jake Allen with a rebound.
9:30 of 1st period - Wrist shot by Sean Monahan.
9:30 of 1st period - Shot Blocked by Julian Melchiori.
9:32 of 1st period - Wrist shot by Anton Lindholm.
9:32 of 1st period - Stopped by Jake Allen without a rebound.
9:33 of 1st period - Kevin Veilleux wins face-off versus Martin Hanzal in Rafales zone.
9:33 of 1st period - Kevin Veilleux is hit by Martin Hanzal.
10:17 of 1st period - Minor Penalty to Jayson Megna for Cross-checking.
10:18 of 1st period - Martin Hanzal wins face-off versus Carl Klingberg in Rafales zone.
10:33 of 1st period - Andrew Shaw is hit by Jamie Oleksiak and loses puck.
11:14 of 1st period - Icing by Anton Lindholm.
11:15 of 1st period - Martin Hanzal wins face-off versus Carl Klingberg in Wolfes zone.
11:20 of 1st period - Wrist shot by Sergei Plotnikov.
11:20 of 1st period - Shot Misses the Net.
11:22 of 1st period - Wrist shot by Sean Monahan.
11:22 of 1st period - Shot Misses the Net.
11:24 of 1st period - Snap shot by Anton Lindholm.
11:24 of 1st period - Shot Misses the Net.
11:26 of 1st period - Wrist shot by Max Friberg.
11:26 of 1st period - Deflect By Sean Monahan.
11:26 of 1st period - Shot Misses the Net.
11:26 of 1st period - Puck is out of play.
11:27 of 1st period - Martin Hanzal wins face-off versus Carl Klingberg in Rafales zone.
11:56 of 1st period - Off-side.
11:57 of 1st period - Sean Monahan wins face-off versus Carl Klingberg in neutral zone.
12:17 of 1st period - Penalty to Jayson Megna is over, Jayson Megna is back on ice.
12:54 of 1st period - Slapshot by Brian Ferlin.
12:54 of 1st period - Deflect By Cedric Paquette.
12:54 of 1st period - Stopped by Jeremy Smith with a rebound.
13:22 of 1st period - Slapshot by Connor Murphy.
13:22 of 1st period - Shot Blocked by Michael Stone.
13:40 of 1st period - Michael Stone is hit by Carl Klingberg and loses puck.
14:15 of 1st period - Snap shot by Tim Crowder.
14:15 of 1st period - Stopped by Jeremy Smith without a rebound.
14:16 of 1st period - Sean Monahan wins face-off versus Jayson Megna in Wolfes zone.
14:25 of 1st period - Wrist shot by Sean Monahan.
14:25 of 1st period - Shot Misses the Net.
14:27 of 1st period - Slapshot by Anton Lindholm.
14:27 of 1st period - Deflect By Sean Monahan.
14:27 of 1st period - Stopped by Jake Allen with a rebound.
14:52 of 1st period - Snap shot by Tim Crowder.
14:52 of 1st period - Goal by Tim Crowder - Wolfes : 0 - Rafales : 2.
14:53 of 1st period - Martin Hanzal wins face-off versus Kevin Veilleux in neutral zone.
15:21 of 1st period - Wrist shot by Brian Ferlin.
15:21 of 1st period - Goal by Brian Ferlin - Wolfes : 0 - Rafales : 3.
15:22 of 1st period - Kevin Veilleux wins face-off versus Martin Hanzal in neutral zone.
15:45 of 1st period - Minor Penalty to Bruno Gervais for Interference.
15:46 of 1st period - Martin Hanzal wins face-off versus Carl Klingberg in Rafales zone.
16:25 of 1st period - Slapshot by Connor Murphy.
16:25 of 1st period - Stopped by Jeremy Smith without a rebound.
16:26 of 1st period - Martin Hanzal wins face-off versus Carl Klingberg in Wolfes zone.
16:45 of 1st period - Slapshot by Tim Crowder.
16:45 of 1st period - Goal by Tim Crowder - Wolfes : 0 - Rafales : 4.
16:45 of 1st period - Laurent Brossoit enters game.
16:46 of 1st period - Alexandre Grenier wins face-off versus Carl Klingberg in neutral zone.
16:57 of 1st period - Snap shot by Blake Pietila.
16:57 of 1st period - Stopped by Jake Allen without a rebound.
16:58 of 1st period - Martin Hanzal wins face-off versus Carl Klingberg in Rafales zone.
17:03 of 1st period - Snap shot by Martin Hanzal.
17:03 of 1st period - Shot Blocked by Julian Melchiori.
17:15 of 1st period - Jamie Oleksiak is hit by Carl Klingberg.
17:37 of 1st period - Wrist shot by Jamie Oleksiak.
17:37 of 1st period - Shot Misses the Net.
17:45 of 1st period - Penalty to Bruno Gervais is over, Bruno Gervais is back on ice.
18:39 of 1st period - Brian Ferlin is hit by Martin Hanzal and loses puck.
18:50 of 1st period - Slapshot by Tim Crowder.
18:50 of 1st period - Stopped by Laurent Brossoit without a rebound.
18:51 of 1st period - Sergei Plotnikov wins face-off versus Jayson Megna in Wolfes zone.
19:06 of 1st period - Wrist shot by Tim Crowder.
19:06 of 1st period - Stopped by Laurent Brossoit with a rebound.
19:45 of 1st period - Andrew Shaw is hit by Zachary Sanford.
Goals for this period are 0 for Wolfes vs 4 for Rafales.
Shots for this period are 11 for Wolfes vs 13 for Rafales.
2nd period
0:01 of 2nd period - Martin Hanzal wins face-off versus Kevin Veilleux in neutral zone.
0:16 of 2nd period - Snap shot by Alexandre Grenier.
0:16 of 2nd period - Stopped by Jake Allen with a rebound.
0:41 of 2nd period - Slapshot by Charles-Olivier Roussel.
0:41 of 2nd period - Shot Misses the Net.
0:43 of 2nd period - Snap shot by Sean Monahan.
0:43 of 2nd period - Stopped by Jake Allen without a rebound.
0:44 of 2nd period - Jayson Megna wins face-off versus Kyle Rau in Rafales zone.
0:44 of 2nd period - Jayson Megna is hit by Charles-Olivier Roussel.
0:50 of 2nd period - Wrist shot by Jayson Megna.
0:50 of 2nd period - Stopped by Laurent Brossoit with a rebound.
0:52 of 2nd period - Wrist shot by Tim Crowder.
0:52 of 2nd period - Shot Blocked by Kyle Rau.
0:54 of 2nd period - Snap shot by Tim Crowder.
0:54 of 2nd period - Shot Misses the Net.
1:14 of 2nd period - Joey Laleggia is hit by Martin Hanzal and loses puck.
1:35 of 2nd period - Snap shot by Brian Ferlin.
1:35 of 2nd period - Shot Misses the Net.
1:39 of 2nd period - Slapshot by James Marcou.
1:39 of 2nd period - Shot Blocked by Jamie Oleksiak.
1:41 of 2nd period - Snap shot by Joey Laleggia.
1:41 of 2nd period - Stopped by Laurent Brossoit with a rebound.
1:43 of 2nd period - Slapshot by Dylan McIlrath.
1:43 of 2nd period - Stopped by Laurent Brossoit with a rebound.
1:45 of 2nd period - Wrist shot by Ben Thomson.
1:45 of 2nd period - Shot Blocked by Anton Lindholm.
1:51 of 2nd period - Minor Penalty to Jamie Oleksiak for Hooking.
1:52 of 2nd period - Kevin Veilleux wins face-off versus Martin Hanzal in Wolfes zone.
1:57 of 2nd period - Wrist shot by Andrew Shaw.
1:57 of 2nd period - Goal by Andrew Shaw - Wolfes : 0 - Rafales : 5.
1:58 of 2nd period - Martin Hanzal wins face-off versus Kevin Veilleux in neutral zone.
2:01 of 2nd period - Slapshot by Jamie Oleksiak.
2:01 of 2nd period - Shot Misses the Net.
2:12 of 2nd period - Off-side.
2:13 of 2nd period - Cedric Paquette wins face-off versus Martin Hanzal in neutral zone.
2:29 of 2nd period - Bruno Gervais is hit by Jamie Oleksiak and loses puck.
2:42 of 2nd period - Snap shot by Julian Melchiori.
2:42 of 2nd period - Stopped by Laurent Brossoit without a rebound.
2:43 of 2nd period - Sean Monahan wins face-off versus Jayson Megna in Wolfes zone.
3:42 of 2nd period - Wrist shot by Brian Ferlin.
3:42 of 2nd period - Shot Blocked by Jamie Oleksiak.
3:44 of 2nd period - Slapshot by Connor Murphy.
3:44 of 2nd period - Stopped by Laurent Brossoit without a rebound.
3:45 of 2nd period - Scott Timmins wins face-off versus Cedric Paquette in Wolfes zone.
3:47 of 2nd period - Minor Penalty to James Livingstone for Holding.
3:48 of 2nd period - Kevin Veilleux wins face-off versus Martin Hanzal in Wolfes zone.
3:50 of 2nd period - Snap shot by Andrew Shaw.
3:50 of 2nd period - Shot Misses the Net.
3:52 of 2nd period - Snap shot by Kevin Veilleux.
3:52 of 2nd period - Stopped by Laurent Brossoit without a rebound.
3:53 of 2nd period - Kevin Veilleux wins face-off versus Martin Hanzal in Wolfes zone.
5:47 of 2nd period - Penalty to James Livingstone is over, James Livingstone is back on ice.
5:56 of 2nd period - Snap shot by Jacob Lagacé.
5:56 of 2nd period - Shot Blocked by Maksim Mayorov.
7:12 of 2nd period - Dylan McIlrath is hit by Anton Lindholm and loses puck.
8:13 of 2nd period - Snap shot by Brian Ferlin.
8:13 of 2nd period - Shot Blocked by Charles-Olivier Roussel.
8:55 of 2nd period - Klas Dahlbeck is hit by Julian Melchiori and loses puck.
9:02 of 2nd period - Wrist shot by Sean Monahan.
9:02 of 2nd period - Stopped by Jake Allen without a rebound.
9:03 of 2nd period - Chris Terry wins face-off versus Sean Monahan in Rafales zone.
9:08 of 2nd period - Wrist shot by Connor Murphy.
9:08 of 2nd period - Shot Blocked by Charles-Olivier Roussel.
9:54 of 2nd period - Anton Lindholm is hit by Andrew Shaw and loses puck.
10:01 of 2nd period - Snap shot by Andrew Shaw.
10:01 of 2nd period - Stopped by Laurent Brossoit without a rebound.
10:02 of 2nd period - Sergei Plotnikov wins face-off versus Cedric Paquette in Wolfes zone.
10:02 of 2nd period - Sergei Plotnikov is hit by Cedric Paquette.
10:12 of 2nd period - Off-side.
10:13 of 2nd period - Sean Monahan wins face-off versus Cedric Paquette in neutral zone.
10:28 of 2nd period - Snap shot by Sean Monahan.
10:28 of 2nd period - Stopped by Jake Allen with a rebound.
10:40 of 2nd period - Slapshot by Bruno Gervais.
10:40 of 2nd period - Shot Misses the Net.
10:49 of 2nd period - Off-side.
10:50 of 2nd period - Kyle Rau wins face-off versus Carl Klingberg in neutral zone.
11:03 of 2nd period - Snap shot by Kyle Rau.
11:03 of 2nd period - Stopped by Jake Allen with a rebound.
11:05 of 2nd period - Slapshot by Jamie Oleksiak.
11:05 of 2nd period - Stopped by Jake Allen with a rebound.
12:58 of 2nd period - Joey Laleggia is hit by Anton Lindholm and loses puck.
13:18 of 2nd period - Connor Murphy is hit by Sergei Plotnikov and loses puck.
13:35 of 2nd period - Jacob Lagacé is hit by Ryan Bourque and loses puck.
13:42 of 2nd period - James Marcou is hit by Jamie Oleksiak.
13:57 of 2nd period - Cedric Paquette is hit by Charles-Olivier Roussel.
14:43 of 2nd period - James Livingstone is hit by James Marcou and loses puck.
15:06 of 2nd period - Wrist shot by Martin Hanzal.
15:06 of 2nd period - Goal by Martin Hanzal - Wolfes : 1 - Rafales : 5.
15:07 of 2nd period - Carl Klingberg wins face-off versus Martin Hanzal in neutral zone.
15:07 of 2nd period - Connor Murphy is hit by Martin Hanzal and loses puck.
15:20 of 2nd period - Connor Murphy is hit by Blake Pietila and loses puck.
15:33 of 2nd period - Michael Stone is hit by Connor Murphy and loses puck.
15:55 of 2nd period - Slapshot by Michael Stone.
15:55 of 2nd period - Shot Blocked by Slater Koekkoek.
16:28 of 2nd period - Wrist shot by Ryan Bourque.
16:28 of 2nd period - Shot Misses the Net.
16:48 of 2nd period - Snap shot by Andrew Shaw.
16:48 of 2nd period - Stopped by Laurent Brossoit without a rebound.
16:49 of 2nd period - Cedric Paquette wins face-off versus Sean Monahan in Wolfes zone.
16:50 of 2nd period - Slapshot by Brian Ferlin.
16:50 of 2nd period - Deflect By Cedric Paquette.
16:50 of 2nd period - Shot Misses the Net.
16:50 of 2nd period - Puck is out of play.
16:51 of 2nd period - Sean Monahan wins face-off versus Cedric Paquette in Wolfes zone.
17:06 of 2nd period - Icing by Jamie Oleksiak.
17:07 of 2nd period - Kevin Veilleux wins face-off versus Sean Monahan in Wolfes zone.
17:27 of 2nd period - Snap shot by Sean Monahan.
17:27 of 2nd period - Shot Misses the Net.
17:29 of 2nd period - Snap shot by Max Friberg.
17:29 of 2nd period - Deflect By Cedric Paquette.
17:29 of 2nd period - Goal by Max Friberg - Wolfes : 2 - Rafales : 5.
17:30 of 2nd period - Kevin Veilleux wins face-off versus Martin Hanzal in neutral zone.
17:39 of 2nd period - Wrist shot by Andrew Shaw.
17:39 of 2nd period - Stopped by Laurent Brossoit with a rebound.
17:55 of 2nd period - Sergei Plotnikov is hit by Brian Ferlin and loses puck.
19:05 of 2nd period - Wrist shot by Andrew Shaw.
19:05 of 2nd period - Shot Misses the Net.
19:19 of 2nd period - Kevin Veilleux is hit by Anton Lindholm and loses puck.
19:54 of 2nd period - Joey Laleggia is hit by Anton Lindholm and loses puck.
Goals for this period are 2 for Wolfes vs 1 for Rafales.
Shots for this period are 8 for Wolfes vs 10 for Rafales.
3rd period
0:01 of 3rd period - Kevin Veilleux wins face-off versus Martin Hanzal in neutral zone.
0:31 of 3rd period - Chris Terry is hit by Sergei Plotnikov and loses puck.
0:49 of 3rd period - Icing by Max Friberg.
0:50 of 3rd period - Jayson Megna wins face-off versus Kyle Rau in Wolfes zone.
1:01 of 3rd period - Maksim Mayorov is hit by Zachary Sanford and loses puck.
1:10 of 3rd period - Jayson Megna is hit by Zachary Sanford and loses puck.
1:43 of 3rd period - Wrist shot by Benn Ferriero.
1:43 of 3rd period - Stopped by Jake Allen with a rebound.
2:01 of 3rd period - Snap shot by Joey Laleggia.
2:01 of 3rd period - Stopped by Laurent Brossoit with a rebound.
2:03 of 3rd period - Snap shot by Joey Laleggia.
2:03 of 3rd period - Shot Misses the Net.
2:05 of 3rd period - Slapshot by Maksim Mayorov.
2:05 of 3rd period - Stopped by Laurent Brossoit with a rebound.
2:25 of 3rd period - Slapshot by Maksim Mayorov.
2:25 of 3rd period - Stopped by Laurent Brossoit with a rebound.
2:27 of 3rd period - Wrist shot by Tim Crowder.
2:27 of 3rd period - Stopped by Laurent Brossoit with a rebound.
3:01 of 3rd period - Zachary Sanford is hit by Maksim Mayorov and loses puck.
3:10 of 3rd period - Joey Laleggia is hit by Benn Ferriero and loses puck.
3:35 of 3rd period - Snap shot by Maksim Mayorov.
3:35 of 3rd period - Stopped by Laurent Brossoit with a rebound.
4:04 of 3rd period - Icing by Dylan McIlrath.
4:05 of 3rd period - Jayson Megna wins face-off versus Martin Hanzal in Rafales zone.
4:54 of 3rd period - Snap shot by Ryan Bourque.
4:54 of 3rd period - Stopped by Laurent Brossoit without a rebound.
4:55 of 3rd period - Ryan Bourque wins face-off versus Alexandre Grenier in Wolfes zone.
5:02 of 3rd period - Bruno Gervais is hit by Martin Hanzal and loses puck.
6:01 of 3rd period - Julian Melchiori is hit by Michael Stone and loses puck.
7:41 of 3rd period - Klas Dahlbeck is hit by Ryan Bourque and loses puck.
10:40 of 3rd period - Brian Ferlin is hit by Tommy Vannelli and loses puck.
11:25 of 3rd period - Connor Murphy is hit by Max Friberg and loses puck.
14:50 of 3rd period - Cedric Paquette is hit by Jacob Lagacé and loses puck.
15:03 of 3rd period - Alexandre Grenier is hit by Kevin Veilleux and loses puck.
15:29 of 3rd period - Max Friberg is hit by Ben Thomson and loses puck.
17:02 of 3rd period - Connor Murphy is hit by Sean Monahan and loses puck.
17:09 of 3rd period - Sean Monahan is hit by Jayson Megna and loses puck.
17:20 of 3rd period - Dylan McIlrath is hit by Alexandre Grenier and loses puck.
17:27 of 3rd period - Michael Stone is hit by Bruno Gervais and loses puck.
17:48 of 3rd period - Minor Penalty to Michael Stone for Hooking.
17:49 of 3rd period - Carl Klingberg wins face-off versus Martin Hanzal in Wolfes zone.
18:52 of 3rd period - Tommy Vannelli is hit by Brian Ferlin and loses puck.
19:44 of 3rd period - Icing by Bruno Gervais.
19:45 of 3rd period - Akim Aliu wins face-off versus Scott Timmins in Rafales zone.
19:48 of 3rd period - Penalty to Michael Stone is over, Michael Stone is back on ice.
19:55 of 3rd period - Michael Stone is hit by Tim Crowder and loses puck.
Goals for this period are 0 for Wolfes vs 0 for Rafales.
Shots for this period are 1 for Wolfes vs 6 for Rafales.
Back to the Top